 Dungeon Crawl Stone Soup version 0.24.0-37-gcf1ca852f1 (webtiles) character file.

Game seed: 2445347321482485903, levelgen mode: deterministic

80 Cryoshakespeare the Firebug (level 4, -32/24 HPs)
             Began as a Tengu Fire Elementalist on Nov 23, 2019.
             Killed from afar by a gnoll (47 damage)
             ... with an exploding inner flame
             ... hexed by the player character
             ... on level 3 of the Dungeon.
             The game lasted 00:04:43 (2582 turns).

Cryoshakespeare the Firebug (TeFE)                  Turns: 2582, Time: 00:04:43

Health: -32/24     AC:  2    Str:  8    XL:     4   Next: 39%
Magic:  0/8        EV: 12    Int: 17    God:
Gold:   96         SH:  0    Dex: 14    Spells: 3/7 levels left

rFire    . . .     SeeInvis .   (no weapon)
rCold    . . .     Gourm    .   (no shield)
rNeg     . . .     Faith    .   a - +0 robe
rPois    .         Spirit   .   (helmet restricted)
rElec    .         Reflect  .   (no cloak)
rCorr    .         Harm     .   (no gloves)
MR       .....                  (boots unavailable)
Stlth    ++........             (no amulet)
HPRegen  0.08/turn              (no ring)
MPRegen  0.11/turn              (no ring)

@: no status effects
A: beak, talons 3
a: no special abilities


You were on level 3 of the Dungeon.
You were not hungry.

You visited 1 branch of the dungeon, and saw 3 of its levels.

You collected 96 gold pieces.

Inventory:

Armour
 a - a +0 robe (worn)
Scrolls
 d - a scroll of remove curse {unknown}
 e - a scroll of enchant weapon {unknown}
 f - 2 scrolls of identify {unknown}
 g - a scroll of fear {unknown}
Potions
 b - 2 potions of curing {unknown}
 h - a potion of flight {unknown}
Comestibles
 c - 4 rations
 i - 2 chunks of flesh


   Skills:
 - Level 2.1 Dodging
 - Level 2.0 Stealth
 - Level 2.0 Spellcasting
 + Level 3.9 Conjurations
 + Level 4.5 Fire Magic


You had 3 spell levels left.
You knew the following spells:

 Your Spells              Type           Power        Failure   Level  Hunger
a - Flame Tongue          Conj/Fire      ###..        3%          1    #......
b - Inner Flame           Hex/Fire       #.......     22%         3    ###....

Your spell library contained the following spells:

 Spells                   Type           Power        Failure   Level  Hunger
 Throw Flame              Conj/Fire      ###...       4%          2    ###....
 Conjure Flame            Conj/Fire      ###.....     10%         3    ###....
 Sticky Flame             Conj/Fire      ###.....     32%         4    #####..
 Fireball                 Conj/Fire      ###.......   67%         5    ######.


Dungeon Overview and Level Annotations

Branches:
Dungeon (3/15)

Altars:
Zin

Annotations:
D:2 1 runed translucent door, Crazy Yiuf


Innate Abilities, Weirdness & Mutations

You have a beak for a mouth.
You have claws for feet.


Message History

Casting: Inner Flame (safe; 22% risk of failure)
Confirm with . or Enter, or press ? or * to list all spells.
Aiming: Inner Flame (safe; 22% risk of failure)
Press: ? - help, Shift-Dir - straight line, f/p - gnoll
Aim: a gnoll (severely wounded, chance to defeat MR: 65%)
The gnoll is filled with an inner flame.
The gnoll hits you from afar with the +6 spear of Arphias {vamp, Int+4}.
The gnoll hits you! The gnoll barely misses you.
There is a fountain of clear blue water here.
Unknown command.
Casting: Inner Flame (safe; 22% risk of failure)
Confirm with . or Enter, or press ? or * to list all spells.
Aiming: Flame Tongue (safe; 3% risk of failure)
Press: ? - help, Shift-Dir - straight line, f/p - gnoll
Aim: a gnoll (severely wounded, inner flame)
The flame tongue hits the gnoll.
The gnoll explodes!
The fiery explosion engulfs you!!!
Ouch! That really hurt!
You die...

#..≈≈#...........#≈≈.#
#..≈≈###.##'##.###≈≈.#
#..≈≈..#.#P.P# ..≈≈.#
#..≈≈.##.'... ##.≈≈.
#..≈≈.#g.#P.P
#..≈≈.##.##.## # ≈
#..÷...#g#P.P#.#..≈
##....©#.g.g§§.#©.≈
#.....#.#8@8#.#..≈
#.≈≈.##.##### #.≈≈.#
#.≈≈.## #.≈≈.. #.≈≈###
#.≈≈#.


You could see 3 gnolls.

Vanquished Creatures
  3 adders
  A worm (D:3)
  3 dart slugs (D:2)
  An orc (D:2)
  3 bats
  4 giant cockroaches
  4 goblins (D:1)
  3 hobgoblins
  9 kobolds
  3 quokkas
  A ball python (D:3)
  2 frilled lizards (D:1)
  7 rats
44 creatures vanquished.

Notes
Turn   | Place    | Note
-------+----------+-------------------------------------------
     0 | D:1      | Cryoshakespeare the Tengu Fire Elementalist began the quest
                  | for the Orb.
     0 | D:1      | Reached XP level 1. HP: 10/10 MP: 4/4
   217 | D:1      | Reached XP level 2. HP: 15/15 MP: 4/6
   822 | D:2      | Reached skill level 4 in Fire Magic
   822 | D:2      | Reached XP level 3. HP: 10/19 MP: 1/7
  1024 | D:2      | Learned a level 3 spell: Inner Flame
  1427 | D:2      | Found a glowing silver altar of Zin.
  1805 | D:2      | Found a runed translucent door.
  1806 | D:2      | Noticed Crazy Yiuf
  1962 | D:2      | Reached XP level 4. HP: 7/24 MP: 4/8
  2547 | D:3      | Found a transporter.
  2557 | D:3      | Identified the +6 spear of Arphias {vamp, Int+4}
  2582 | D:3      | Killed from afar by a gnoll

Levels and vault maps discovered:
D:1:      noname_arrival_rooms_in_the_neighbourhood, layout_loops_ring
D:2:      layout_basic, zin_academy, serial_bayou_crossing,
          uniq_crazy_yiuf_cottage
D:3:      layout_loops_ring, yredelemnul_forgotten_temple_becter,
          chequers_temple_overflow_minitemple, gammafunk_temple_overflow_pools,
          gammafunk_ghost_gnarly_gnolls, minivault_27

Skill      XL: |  1  2 |
---------------+-------+-----
Conjurations   | 2 3 |  3.9
Fire Magic     | 4 |  4.5
Dodging        | |  2.1
Stealth        | |  2.0
Spellcasting   | |  2.0

Action                   |  1- 3 |  4- 6 || total
-------------------------+-------+-------++-------
Melee: Unarmed           |     7 |       ||     7
       Kick              |     3 |       ||     3
       Peck              |     1 |       ||     1
 Cast: Flame Tongue      |    45 |    22 ||    67
       Inner Flame       |     2 |     2 ||     4
  Eat: Chunk             |     3 |     4 ||     7
Armor: Robe              |     3 |     1 ||     4
Dodge: Dodged            |    20 |     7 ||    27
